 Dungeon Crawl Stone Soup version 0.30-a0-1016-gfb0d676c02 (webtiles) character file.

Game seed: 17443871536309565023

21 odemus the Conjurer (level 3, -1/24 HPs)
             Began as a Human Conjurer on Apr 7, 2023.
             Slain by a kobold
             ... wielding a +0 club
              (2 damage)
             ... on level 2 of the Dungeon.
             The game lasted 00:11:57 (1042 turns).

odemus the Conjurer (Human Conjurer)                Turns: 1042, Time: 00:11:59

Health: -1/24      AC:  2    Str:  7    XL:     3   Next: 2%
Magic:  4/6        EV: 12    Int: 20    God:
Gold:   42         SH:  0    Dex: 11    Spells: 5/6 levels left

rFire   . . .      SeeInvis .    l - staff of air
rCold   . . .      Faith    .    (no shield)
rNeg    . . .      Spirit   .    a - +0 robe
rPois   .          Reflect  .    (no helmet)
rElec   +          Rampage  .    (no cloak)
rCorr   .                        (no gloves)
Will    .....                    (no boots)
Stlth   ++                       (no amulet)
HPRegen 0.24/turn                (no ring)
MPRegen 0.10/turn                (no ring)

@: slowed, very slow
A: no striking features
a: no special abilities


You were on level 2 of the Dungeon.
You visited 1 branch of the dungeon, and saw 2 of its levels.

You collected 42 gold pieces.

Inventory:

Hand Weapons
 g - a +0 short sword
Missiles
 h - 3 curare-tipped darts
 k - 17 stones
Armour
 a - a +0 robe (worn)
 i - a +0 robe
 m - a +0 robe
Magical Staves
 l - a staff of air (weapon)
Scrolls
 c - 4 scrolls of identify {unknown}
 e - a scroll of noise {unknown}
 f - a scroll of acquirement {unknown}
 n - a scroll of magic mapping {unknown}
Potions
 b - a potion of magic
 d - 2 potions of resistance {unknown}
 j - a potion of ambrosia {unknown}


   Skills:
 + Level 2.0 Dodging
 + Level 2.3 Stealth
 + Level 2.1 Spellcasting
 + Level 4.5 Conjurations


You had 5 spell levels left.
You knew the following spells:

 Your Spells              Type           Power      Damage    Failure   Level
a - Magic Dart            Conj           80%        1d7       2%          1

Your spell library contained the following spells:

 Spells                   Type           Power      Damage    Failure   Level
 Searing Ray              Conj           40%        2d5       3%          2
 Dazzling Flash           Conj/Hex       22%        N/A       19%         3
 Fulminant Prism          Conj/Hex       5%         3d7       52%         4
 Iskenderun's Mystic Bla  Conj/Tloc      11%        2d4       52%         4


Dungeon Overview and Level Annotations

Branches:
Dungeon (2/15)

Altars:

Shops:
D:2 (

Annotations:
D:2 Natasha


Message History

You feel yourself slow down.
Found 2 curare-tipped darts.
The kobold shouts!
Natasha stares at you and mumbles some strange words.
The magic dart hits you!
* * * LOW HITPOINT WARNING * * *
Casting: Magic Dart (safe; 2% risk of failure)
Confirm with . or Enter, or press ? or * to list all spells.
Aiming: Magic Dart (safe; 2% risk of failure)
Press: ? - help, Shift-Dir - straight line, f - Natasha
Aim: Natasha (100% to hit)
The magic dart hits Natasha.
Natasha is moderately wounded.
Natasha mumbles some strange words.
Natasha closely misses you.
Casting: Magic Dart (safe; 2% risk of failure)
Confirm with . or Enter, or press ? or * to list all spells.
Aiming: Magic Dart (safe; 2% risk of failure)
Press: ? - help, Shift-Dir - straight line, f/p - Natasha
Aim: Natasha (moderately wounded, 100% to hit)
The magic dart hits Natasha.
Natasha is heavily wounded.
Natasha mumbles some strange words.
Natasha's front paws start to glow.
Natasha barely misses you. The kobold hits you but does no damage.
You closely miss Natasha. You punch Natasha.
Natasha is severely wounded.
The shadow imp shouts, "Quit, thou pecksniffian pigeon-egg reprobate!"
Natasha stares at you and mumbles some strange words.
You resist with significant effort. The kobold misses you.
Natasha claws you but does no damage. The kobold hits you but does no damage.
The shadow imp hits you but does no damage.
You closely miss Natasha.
Natasha is severely wounded.
The shadow imp hits you.
* * * LOW HITPOINT WARNING * * *
Natasha claws you.
* * * LOW HITPOINT WARNING * * *
The kobold barely misses you. The kobold hits you with a +0 club.
You die...

##.......
............... #.^#
...............
##.#####
#########............
#......#
#....................
#..###.#
#.........###########
#..# #.# #(........#
### ...# #.#
#.........# #..
..####.# #.........##
#.# .......#
#.@K...... ####.#
....#..# #.h5......
#....# ....#..#
#......... #.####
....#..##
#####......... #.#...
######..#
#............. #...h.
# #..###.............
###...##
#...........#######
#.h.....
#.#.........#
#.#.#...
#.#.##....#.#
#.#.#...


You could see Natasha, a shadow imp (summoned) and a kobold.

Vanquished Creatures
  A dart slug (D:1)
  2 ball pythons (D:2)
  2 endoplasms (D:1)
  A goblin (D:1)
  2 quokkas (D:1)
  6 bats
  A frilled lizard (D:1)
  4 rats
19 creatures vanquished.

Notes
Turn   | Place    | Note
-------+----------+-------------------------------------------
     0 | D:1      | odemus the Human Conjurer began the quest for the Orb.
     0 | D:1      | Reached XP level 1. HP: 13/13 MP: 3/3
   258 | D:1      | Reached XP level 2. HP: 19/19 MP: 0/5
   801 | D:2      | Reached XP level 3. HP: 24/24 MP: 4/6
   958 | D:2      | Found Naatsomu's Weapon Shoppe.
   980 | D:2      | Noticed Natasha
  1042 | D:2      | HP: 1/24 [Natasha (6)]
  1042 | D:2      | Slain by a kobold

Illustrated notes

Levels and vault maps discovered:
D:1:      dpeg_arrival_arbitrary_c, layout_basic,
          dreamdust_ecumenical_altar_angels_and_demons
D:2:      layout_basic, serial_shops, nicolae_shop_hallway_plus,
          grunt_ministairs_7, uniq_natasha

Action                     || total
---------------------------++-------
  Melee: Staff             ||    15
         Punch             ||     1
   Cast: Magic Dart        ||    46
 Armour: Robe              ||     5
  Dodge: Dodged            ||    20

Table legend: (Time is in decaauts)
 A = Elapsed time spent in this place.
 B = Non-inter-level travel time spent in this place.
 C = Inter-level travel time spent in this place.
 D = Time resting spent in this place.
 E = Time spent auto-exploring this place.
 F = Levels seen in this place.
 G = Mean time per level.
                   A        B        C        D        E       F      G
               +--------+--------+--------+--------+--------+-----+--------+
         Total |   1048 |   1048 |      0 |      0 |    123 |   2 |  524.0 |
       Dungeon |   1048 |   1048 |      0 |      0 |    123 |   2 |  524.0 |
               +--------+--------+--------+--------+--------+-----+--------+

Top non-repeatable levels by time:
     D:1: 650 daAuts
     D:2: 398 daAuts
